 Dungeon Crawl Stone Soup version 0.26.0-41-g79a4fc7684 (webtiles) character file.

Game seed: 3366809296852964203

1351 trckry the Vandal (level 8, -5/66 HPs)
             Began as a Ghoul Hunter on Jan 27, 2021.
             Slain by a killer bee (6 damage)
             ... on level 4 of the Dungeon.
             The game lasted 00:12:06 (4326 turns).

trckry the Vandal (Ghoul Hunter)                    Turns: 4326, Time: 00:12:06

Health: -5/66      AC:  8    Str: 18    XL:     8   Next: 63%
Magic:  9/9        EV:  5    Int:  6    God:
Gold:   311        SH: 10    Dex:  9    Spells: 7/7 levels left

rFire    + + .     SeeInvis .   b - +2 whip (venom)
rCold    + + .     Faith    .   r - +2 kite shield
rNeg     + + +     Spirit   .   l - +0 chain mail
rPois    ∞         Reflect  .   (no helmet)
rElec    .         Harm     .   p - scarf {rC+ rF+}
rCorr    .         Rampage  .   (no gloves)
Will     .....                  (no boots)
Stlth    ..........             D - amulet of the acrobat
HPRegen  0.00/turn              h - ring of protection from cold
MPRegen  0.11/turn              y - ring of fire

@: no status effects
A: claws 1, cold resistance 1, negative energy resistance 3, inhibited
regeneration, torment resistance, unbreathing
a: no special abilities


You were on level 4 of the Dungeon.
You visited 2 branches of the dungeon, and saw 6 of its levels.

You collected 311 gold pieces.

Inventory:

Hand Weapons
 a - a +1 hunting sling
 b - a +2 whip of venom (weapon)
Missiles
 d - 44 sling bullets
 e - 255 stones (quivered)
 o - a throwing net
Armour
 l - a +0 chain mail (worn)
 p - a scarf of resistance (worn)
 r - a +2 kite shield (worn)
Jewellery
 h - a ring of protection from cold (left claw)
 y - a ring of fire (right claw)
 D - an amulet of the acrobat (around neck)
Scrolls
 f - a scroll of enchant weapon {unknown}
 g - 2 scrolls of teleportation {unknown}
 j - a scroll of fog {unknown}
 k - 5 scrolls of identify {unknown}
 m - a scroll of fear {unknown}
 n - a scroll of random uselessness {unknown}
 s - a scroll of remove curse
 v - a scroll of enchant armour {unknown}
 x - a scroll of blinking {unknown}
 C - a scroll of magic mapping {unknown}
Potions
 c - a potion of berserk rage {unknown}
 i - 3 potions of degeneration {unknown}
 q - a potion of cancellation {unknown}
 t - 5 potions of curing {unknown}
 u - 2 potions of might {unknown}
 w - 2 potions of haste {unknown}
 z - a potion of mutation {unknown}
 A - 2 potions of invisibility {unknown}
 B - a potion of lignification {unknown}


   Skills:
 + Level 4.1 Fighting
 * Level 3.9 Maces & Flails
 * Level 5.5 Slings
 + Level 2.7 Armour
 + Level 3.3 Dodging
 - Level 1.1 Stealth
 + Level 2.6 Shields
 + Level 3.1 Invocations
 + Level 2.6 Evocations


You had 7 spell levels left.
You didn't know any spells.
Your spell library was empty.

Dungeon Overview and Level Annotations

Branches:
Dungeon (5/15)             Temple (1/1) D:4

Altars:
Cheibriados
Elyvilon
Fedhas
Gozag
Hepliaklqana
Qazlal
Ru
Sif Muna
Uskayaw
Vehumet
Xom
Yredelemnul
Zin

Annotations:
D:5 Blork the orc


Innate Abilities, Weirdness & Mutations

You thrive by killing the living.
You are immune to poison.
You have sharp fingernails.
Your flesh is cold resistant. (rC+)
You are immune to negative energy. (rN+++)
You do not regenerate when monsters are visible.
You are immune to unholy pain and torment.
You can survive without breathing.


Message History

You block the killer bee's attack. x2
You block the killer bee's attack.
There is an escape hatch in the ceiling here.
The killer bee stings you.
* * * LOW HITPOINT WARNING * * *
The killer bee barely misses you. The killer bee stings you.
* * * LOW HITPOINT WARNING * * *
The killer bee stings you.
* * * LOW HITPOINT WARNING * * *
The killer bee stings you but does no damage.
The killer bee stings you.
* * * LOW HITPOINT WARNING * * *
A mysterious force pulls you upwards. The hatch slams shut behind you.
Reactivating autopickup.
As you read the scroll labelled IFUCYXTAMU, it crumbles to dust.
You feel blessed for a moment.
It was a scroll of remove curse.
The killer bee stings you.
* * * LOW HITPOINT WARNING * * *
The killer bee stings you.
You die...

#..##.....#..[.....#
##.##.###.####.....#
##..+.#>'.'.####...#
###.#[###.#...##...#
....#..[..###......#
....###)### ####...#
........# #...#
........# #y..#
........# #@y.#
######### #y..#
#####


You could see 3 killer bees.

Vanquished Creatures
  Pikel (D:4)
  Sigmund (D:4)
  Menkaure (D:4)
  A phantom (D:4)
  A lemure (D:4)
  A bullfrog (D:2)
  3 killer bees (D:5)
  A howler monkey (D:4)
  2 orc priests (D:4)
  A hound (D:5)
  A worker ant (D:4)
  6 adders
  A gnoll (D:1)
  3 oozes
  An adder skeleton (D:4)
  3 dart slugs
  3 leopard geckos
  4 orcs (D:4)
  A giant cockroach (D:2)
  8 hobgoblins
  9 kobolds
  A quokka (D:5)
  2 ball pythons
  8 bats
  10 frilled lizards
  5 goblins
  A leopard gecko skeleton (D:4)
  5 rats
85 creatures vanquished.

Notes
Turn   | Place    | Note
-------+----------+-------------------------------------------
     0 | D:1      | trckry the Ghoul Hunter began the quest for the Orb.
     0 | D:1      | Reached XP level 1. HP: 17/17 MP: 0/0
   160 | D:1      | Reached XP level 2. HP: 8/24 MP: 1/1
   426 | D:1      | Reached XP level 3. HP: 13/30 MP: 2/2
  1148 | D:2      | Reached skill level 1 in Maces & Flails
  1276 | D:2      | Noticed a bullfrog
  1289 | D:2      | Killed a bullfrog
  1290 | D:2      | Reached skill level 4 in Slings
  1290 | D:2      | Reached skill level 1 in Armour
  1290 | D:2      | Reached skill level 1 in Shields
  1290 | D:2      | Reached skill level 1 in Invocations
  1290 | D:2      | Reached skill level 1 in Evocations
  1290 | D:2      | Reached XP level 4. HP: 11/37 MP: 3/3
  1290 | D:2      | Reached XP level 5. HP: 12/42 MP: 4/4
  2862 | D:3      | Found a faded altar of an unknown god.
  3087 | D:4      | Noticed a lemure
  3087 | D:4      | Noticed a lemure
  3088 | D:4      | Noticed Pikel
  3088 | D:4      | Noticed a lemure
  3089 | D:4      | Noticed a lemure
  3115 | D:4      | Killed a lemure
  3122 | D:4      | Killed Pikel
  3123 | D:4      | Reached XP level 6. HP: 18/51 MP: 6/6
  3123 | D:4      | Reached XP level 7. HP: 20/57 MP: 7/7
  3400 | D:4      | Reached skill level 5 in Slings
  3521 | D:4      | Reached XP level 8. HP: 66/66 MP: 8/8
  3630 | D:4      | Found a staircase to the Ecumenical Temple.
  3630 | D:4      | Noticed Sigmund
  3646 | D:4      | Killed Sigmund
  3656 | Temple   | Entered the Ecumenical Temple
  3898 | D:4      | Noticed Menkaure
  3913 | D:4      | Killed Menkaure
  4198 | D:4      | Noticed an angel
  4199 | D:4      | Found a glowing silver altar of Zin.
  4221 | D:5      | Entered Level 5 of the Dungeon
  4308 | D:5      | Noticed Blork the orc
  4324 | D:5      | HP: 6/66 [killer bee (3)]
  4326 | D:4      | HP: 1/66 [killer bee (5)]
  4326 | D:4      | Slain by a killer bee

Illustrated notes

Levels and vault maps discovered:
D:1:      matt_arrival_grand_opening, layout_basic, minmay_tetromino_l4
D:2:      layout_loops_ring, minivault_19
D:3:      layout_loops_ring, chequers_ecumenical_altar_simple_redux
D:4:      layout_rooms, zin_angel, minmay_temple_entry_glassed_door,
          uniq_sigmund, uniq_menkaure, uniq_pikel
D:5:      layout_gridville, lemuel_crystal_altar,
          grunt_dithmenos_smoke_and_mirrors, portal_sewer_entry_a,
          goddamned_bats, uniq_blork_the_orc
Temple:   minmay_temple_bridge_abc

Skill      XL: |  1  2  3  4  5  6  7  8 |
---------------+-------------------------+-----
Dodging        | 2 3 |  3.3
Maces & Flails | 1 3 |  3.9
Slings         | 4 5 |  5.5
Armour         | 1 2 |  2.7
Shields        | 1 2 |  2.6
Invocations    | 1 2 3 |  3.1
Evocations     | 1 2 |  2.6
Fighting       | 3 4 |  4.1
Stealth        | |  1.1

Action                   |  1- 3 |  4- 6 |  7- 9 || total
-------------------------+-------+-------+-------++-------
Melee: Short sword       |    97 |       |       ||    97
       Club              |    33 |       |       ||    33
       Whip              |       |   145 |    71 ||   216
 Fire: Hunting sling     |    29 |    33 |    54 ||   116
  Use: Scroll            |       |       |     1 ||     1
Armor: Leather armour    |    15 |       |       ||    15
       Chain mail        |    50 |    80 |    34 ||   164
       Scale mail        |    15 |       |       ||    15
Dodge: Dodged            |    75 |    22 |    15 ||   112
Block: Kite shield       |       |    81 |    54 ||   135
